 Dungeon Crawl Stone Soup version 0.29.0-7-g18a832c13a (webtiles) character file.

Game seed: 10515022383734249306

159 SensoryNuts the Sneak (level 5, 0/31 HPs)
             Began as a Kobold Brigand on Aug 30, 2022.
             Slain by an orc wizard
             ... wielding a +3 dagger of protection
              (4 damage)
             ... on level 4 of the Dungeon.
             The game lasted 00:04:23 (4304 turns).

SensoryNuts the Sneak (Kobold Brigand)              Turns: 4304, Time: 00:04:24

Health: 0/31       AC:  5    Str:  8    XL:     5   Next: 68%
Magic:  5/5        EV: 14    Int: 12    God:
Gold:   166        SH:  0    Dex: 19    Spells: 4/4 levels left

rFire   . . .      SeeInvis .   a - +2 dagger (flame)
rCold   . . .      Faith    .   (no shield)
rNeg    . . .      Spirit   .   b - +0 robe
rPois   .          Reflect  .   (no helmet)
rElec   .          Harm     .   c - +1 cloak
rCorr   .          Rampage  .   (no gloves)
Will    .....                   h - +0 pair of boots
Stlth   +++++.....              m - amulet of the acrobat
HPRegen 0.10/turn               (no ring)
MPRegen 0.09/turn               (no ring)

@: no status effects
A: small, no large weapons, nightstalker 3
a: no special abilities


You were on level 4 of the Dungeon.
You visited 1 branch of the dungeon, and saw 4 of its levels.

You collected 166 gold pieces.

Inventory:

Hand Weapons
 a - a +2 dagger of flaming (weapon)
Missiles
 d - 9 poisoned darts (quivered)
 e - 3 curare-tipped darts
Armour
 b - a +0 robe (worn)
 c - a +1 cloak (worn)
 h - a +0 pair of boots (worn)
Jewellery
 j - an amulet of magic regeneration
 m - an amulet of the acrobat (around neck)
 o - a ring of poison resistance
Scrolls
 f - a scroll of fear
 l - 4 scrolls of teleportation
Potions
 g - a potion of attraction {unknown}
 i - a potion of mutation {unknown}
 k - a potion of might {unknown}
 n - 3 potions of lignification {unknown}
 q - 4 potions of curing {unknown}
 s - a potion of heal wounds {unknown}


   Skills:
 + Level 2.4 Fighting
 * Level 4.7 Short Blades
 + Level 2.5 Throwing
 + Level 1.6 Dodging
 + Level 7.4 Stealth


You had 4 spell levels left.
You didn't know any spells.
Your spell library contained the following spells:

 Spells                   Type           Power      Damage    Failure   Level
 Scorch                   Fire           0%         2d5       45%         2
 Call Canine Familiar     Summ           0%         N/A       69%         3
 Ignite Poison            Fire/Tmut/Pois 0%         N/A       69%         3
 Mephitic Cloud           Conj/Pois/Air  0%         N/A       69%         3
 Portal Projectile        Hex/Tloc       0%         N/A       69%         3
 Flame Wave               Conj/Fire      0%         2d4       97%         4
 Leda's Liquefaction      Hex/Erth       0%         N/A       97%         4
 Freezing Cloud           Conj/Ice/Air   0%         6-21      100%        5
 Summon Cactus Giant      Summ           0%         N/A       100%        6


Dungeon Overview and Level Annotations

Branches:
Dungeon (4/15)
 Temple: D:4-7

Altars:
Trog

Shops:
D:1 =((   D:3 :   D:4 :


Innate Abilities, Weirdness & Mutations

You are small and have problems with some larger weapons.
You are completely attuned to the shadows.


Message History

Something hits you.
You barely miss the orc wizard.
The orc wizard is heavily wounded.
You miss something.
The orc wizard hits you but does no damage.
Something hits you.
You barely miss something.
The orc wizard hits you but does no damage.
Something barely misses you.
You hit something. You burn something. The orc wizard closely misses you.
Something hits you.
You hit the orc wizard but do no damage.
The orc wizard is heavily wounded.
You feel less confused.
The orc wizard hits you but does no damage.
Something hits you but does no damage.
You barely miss something. You hit something but do no damage.
The orc wizard hits you but does no damage.
You hear some strange, mumbled words.
A puff of flame appears from out of thin air!
The puff of flame hits you!
* * * LOW HITPOINT WARNING * * *
You barely miss something. The orc wizard casts a spell at you.
The magic dart hits you but does no damage.
Something barely misses you.
You barely miss something. The orc wizard closely misses you.
Something closely misses you.
You hit something but do no damage. You hit something but do no damage.
Your punch misses something.
The orc wizard hits you but does no damage.
Something hits you.
* * * LOW HITPOINT WARNING * * *
You miss something.
The orc wizard casts a spell.
The orc wizard flickers and vanishes!
Something hits you but does no damage.
You hit something but do no damage. Something barely misses you.
Something hits you.
You die...

##...#.########~.~#.####......
#................)..##.......#
.......####.#####............#
###.##.####.## #.#.##....[..#
# #.##..#....## #.#.##.....#.
. ...................†......
.#############.#############
#### .#...........#.#...
#@####.####.#.#.##
#{{oo#.#....#.#...
####.#.#.####.####
#.#.......... ##.###########
.............. ##...###.....
##.## #.#### #.# #.#


You could see 2 orcs.

Vanquished Creatures
  An orc wizard (D:3)
  5 adders
  5 dart slugs
  2 worms
  3 orcs (D:3)
  6 ball pythons
  9 endoplasms
  4 giant cockroaches
  5 goblins
  3 hobgoblins (D:2)
  4 quokkas
  8 bats
  2 frilled lizards
  6 kobolds
  3 rats (D:2)
  A spectral hobgoblin (D:1)
67 creatures vanquished.

Notes
Turn   | Place    | Note
-------+----------+-------------------------------------------
     0 | D:1      | SensoryNuts the Kobold Brigand began the quest for the Orb.
     0 | D:1      | Reached XP level 1. HP: 12/12 MP: 1/1
   133 | D:1      | Found Terr's Jewellery Shoppe.
   137 | D:1      | Reached XP level 2. HP: 17/17 MP: 2/2
   234 | D:1      | Found a faded altar of an unknown god.
   275 | D:1      | Found Jozetun's Antique Weapon Boutique.
   518 | D:1      | Reached skill level 6 in Stealth
   530 | D:1      | Reached XP level 3. HP: 21/21 MP: 3/3
   584 | D:1      | Found Lonadina's Weapon Shoppe.
  1341 | D:2      | Reached XP level 4. HP: 27/27 MP: 4/4
  1881 | D:2      | Reached skill level 7 in Stealth
  2848 | D:3      | Found a bloodstained altar of Trog.
  2957 | D:3      | Reached XP level 5. HP: 31/31 MP: 5/5
  3113 | D:3      | Found Cikhlut's Vocational Training.
  3879 | D:4      | Found Hoife's Book Emporium.
  4304 | D:4      | Slain by an orc wizard

Illustrated notes

Levels and vault maps discovered:
D:1:      onia_arrival_pyramid, layout_loops_ring,
          dreamdust_ecumenical_altar_drowned_temple, serial_shops,
          nicolae_shop_statue_plus, nicolae_diamond_shop, nicolae_diamond_shop,
          serial_co_window_serial, co_window_paths_a,
          co_window_of_opportunity_a, co_window_paths_a, co_window_paths_a,
          co_window_paths_a, co_window_corner_a, co_window_of_opportunity_a,
          co_window_corner_b, co_window_broadway_c, co_window_corner_ca,
          glass_columns_b, glass_columns_b, glass_columns_a, glass_columns_c
D:2:      layout_basic, minmay_pentomino_t2
D:3:      layout_basic, marbit_many_paths, roderic_nine_men_s_morris,
          nicolae_shop_vocational
D:4:      layout_loops_ring, serial_shops, nicolae_shop_waterfront,
          serial_glass, glass_columns_b, glass_columns_a, roderic_lattice_a

Skill      XL: |  1  2  3  4 |
---------------+-------------+-----
Stealth        | 6 7 |  7.4
Short Blades   | 3 4 |  4.7
Fighting       | |  2.4
Throwing       | |  2.5
Dodging        | |  1.6

Action                   |  1- 3 |  4- 6 || total
-------------------------+-------+-------++-------
Melee: Dagger            |    70 |   117 ||   187
       Punch             |       |     1 ||     1
  Use: Scroll            |     5 |     5 ||    10
       Potion            |     2 |       ||     2
 Stab: Sleeping          |    19 |    24 ||    43
Armor: Robe              |     5 |    26 ||    31
Dodge: Dodged            |    34 |    61 ||    95
